 Dungeon Crawl Stone Soup version 0.32-a0-599-gba8f9cf90e (webtiles) character file.

Game seed: 7799058641893110468

653 jasper the Fighter (level 7, -1/63 HPs)
             Began as a Demonspawn Cinder Acolyte on Mar 2, 2024.
             Was a High Priest of Ignis.
             Killed from afar by Dowan (17 damage)
             ... with a stone arrow
             ... on level 4 of the Dungeon.
             The game lasted 00:04:30 (3075 turns).

jasper the Fighter (Demonspawn Cinder Acolyte)      Turns: 3075, Time: 00:04:30

Health: -1/63      AC: 12    Str: 17    XL:     7   Next: 28%
Magic:  8/8        EV: 15    Int: 14    God:    Ignis [*****.]
Gold:   131        SH:  0    Dex:  8    Spells: 8/8 levels left

rFire   + . .        d - +0 quarterstaff (spect)
rCold   . . .        (shield currently unavailable)
rNeg    . . .        t - +0 scale mail {rPois}
rPois   +            x - +0 helmet
rElec   .            (no cloak)
rCorr   .            i - +0 pair of gloves
SInv    .            (no boots)
Will    .....        (no amulet) Stlth
                     e - +4 ring of protection
HPRegen 0.30/turn    (no ring)
MPRegen 0.11/turn

%: no passive effects
@: agile
A: powered by death 1, powered by pain 1, sturdy frame 1, demonic touch 2
a: Renounce Religion, Fiery Armour, Foxfire Swarm, Rising Flame


You were on level 4 of the Dungeon.
You worshipped Ignis.
Ignis was extremely pleased with you.
You visited 1 branch of the dungeon, and saw 4 of its levels.

You collected 131 gold pieces.

Inventory:

Hand Weapons
 a - a -1 mace of flaming
 d - a +0 spectral quarterstaff (weapon)
 k - a +0 rapier of venom
Missiles
 f - 46 stones (quivered)
 w - 3 poisoned darts
Armour
 b - a +0 robe
 h - a +0 ring mail
 i - a +0 pair of gloves (worn)
 t - a +0 scale mail of poison resistance (worn)
 x - a +0 helmet (worn)
Magical Staves
 g - a staff of cold
Jewellery
 c - a ring of wizardry
 e - a +4 ring of protection (left hand)
Wands
 v - a wand of flame (1)
Potions
 j - a potion of ambrosia
 l - 2 potions of curing
 m - a potion of lignification
 n - a potion of mutation
 o - a potion of haste
 p - a potion of degeneration
 s - a potion of enlightenment
 u - a potion of attraction {unknown}


   Skills:
 + Level 8.6 Fighting
 - Level 2.6 Maces & Flails
 - Level 1.0 Spellcasting
 - Level 2.6 Fire Magic


You had 8 spell levels left.
You didn't know any spells.
Your spell library contained the following spells:

 Spells                   Type           Power      Damage    Failure   Level
 Scorch                   Fire           16%        2d5       30%         2


Dungeon Overview and Level Annotations

Branches:
Dungeon (4/15)
 Temple: D:4-7

Altars:
Makhleb
Vehumet

Shops:
D:1 ?

Annotations:
D:4 Dowan


Innate Abilities, Weirdness & Mutations

You regenerate a little health from kills.
You sometimes gain a little power by taking damage.
Your movements are slightly less encumbered by armour. (ER -2)
Your touch may inflict irresistible damage on your foes.


Message History

Your +0 spectral quarterstaff hits Duvessa.
Duvessa hits your +0 spectral quarterstaff with a +0 rapier.
Your spectral weapon shares its damage with you!
You take 4 damage, and have 41/62 hp.
You barely miss Duvessa.
Duvessa is severely wounded.
Your +0 spectral quarterstaff hits Duvessa but does no damage.
Duvessa closely misses your +0 spectral quarterstaff.
Duvessa hits you with a +0 rapier!
You take 12 damage, and have 29/62 hp.
You sock Duvessa!
Duvessa is almost dead.
Your +0 spectral quarterstaff hits Duvessa but does no damage.
Duvessa hits your +0 spectral quarterstaff but does no damage.
Duvessa hits your +0 spectral quarterstaff with a +0 rapier!
Your spectral weapon shares its damage with you!
Dowan gestures wildly while chanting.
Dowan blinks!
You take 8 damage, and have 21/62 hp.
You closely miss Duvessa.
Duvessa is almost dead.
Your +0 spectral quarterstaff misses Duvessa.
Duvessa hits you but does no damage. x2
You hit Duvessa but do no damage.
Duvessa is almost dead.
Your +0 spectral quarterstaff hits Duvessa.
Duvessa hits your +0 spectral quarterstaff with a +0 rapier!
Your spectral weapon shares its damage with you!
Your +0 spectral quarterstaff disappears.
* * * LOW HITPOINT WARNING * * *
Duvessa misses you.
You take 7 damage, and have 15/62 hp.
You hit Duvessa.
You kill Duvessa!
Dowan screams, "No!
Oh no!"
Dowan seems to find hidden reserves of power!
Dowan gestures at you while chanting. The stone arrow hits you!
You die...
Ignis goes out, and joins you in death.

#........##..............
#........##...##########.
#........##........# .
#........##........#
#.#.#...###........#
#.#.#...###........#
#.#.....#.#..........
##.###...#.#..........
#.......)@<#........#.
#........###........#
#........# #.##.###.#)#
#........#e# ######.###.#
#.# #.# ###.###.#
#.......#


You could see Dowan (fast).

Vanquished Creatures
  Duvessa (D:4)
  A black bear (D:4)
  A gnoll sergeant (D:3)
  A crimson imp (D:3)
  A gnoll bouda (D:4)
  A jelly (D:4)
  An iguana (D:4)
  2 orc wizards (D:4)
  7 adders
  8 gnolls
  3 dart slugs (D:1)
  2 ribbon worms
  6 orcs
  3 bats (D:3)
  9 endoplasms
  3 giant cockroaches
  13 goblins
  A hobgoblin (D:1)
  3 quokkas
  8 ball pythons
  2 frilled lizards (D:1)
  3 kobolds
  3 rats
83 creatures vanquished.

Vanquished Creatures (others)
  A spectral weapon (D:4)
1 creature vanquished.

Grand Total: 84 creatures vanquished

Notes
Turn   | Place    | Note
-------+----------+-------------------------------------------
     0 | D:1      | jasper the Demonspawn Cinder Acolyte began the quest for
                  | the Orb.
     0 | D:1      | Reached XP level 1. HP: 18/18 MP: 2/2
   207 | D:1      | Gained mutation: Your touch may inflict minor irresistible
                  | damage on your foes. [demonic ancestry]
   207 | D:1      | Reached XP level 2. HP: 20/24 MP: 3/3
   303 | D:1      | Found Byuschol's Magic Scroll Boutique.
   359 | D:1      | You fall into a shaft and drop 1 floor!
   398 | D:2      | Reached skill level 4 in Fighting
   408 | D:2      | Gained mutation: Your movements are slightly less
                  | encumbered by armour. (ER -2) [demonic ancestry]
   408 | D:2      | Reached XP level 3. HP: 30/30 MP: 4/4
  1095 | D:2      | Gained mutation: You regenerate a little health from kills.
                  | [demonic ancestry]
  1095 | D:2      | Reached XP level 4. HP: 38/38 MP: 5/5
  1111 | D:2      | Reached skill level 5 in Fighting
  1497 | D:3      | Found Seseogon's Antique Weapon Shop.
  1758 | D:3      | Noticed a gnoll sergeant
  1774 | D:3      | Killed a gnoll sergeant
  1775 | D:3      | Reached skill level 6 in Fighting
  1775 | D:3      | Gained mutation: Your touch may inflict irresistible damage
                  | on your foes. [demonic ancestry]
  1775 | D:3      | Reached XP level 5. HP: 21/46 MP: 6/6
  2213 | D:3      | Found a radiant altar of Vehumet.
  2213 | D:3      | Found a burning altar of Makhleb.
  2316 | D:3      | Reached XP level 6. HP: 45/53 MP: 7/7
  2680 | D:4      | Reached skill level 7 in Fighting
  2914 | D:4      | Reached skill level 8 in Fighting
  2918 | D:4      | Gained mutation: You sometimes gain a little power by
                  | taking damage. [demonic ancestry]
  2918 | D:4      | Reached XP level 7. HP: 34/62 MP: 8/8
  3051 | D:4      | Noticed Duvessa
  3066 | D:4      | Noticed Dowan
  3073 | D:4      | Killed Duvessa
  3075 | D:4      | Killed from afar by Dowan

Illustrated notes

Levels and vault maps discovered:
D:1:      lemuel_arrival_broad_hall, layout_rooms, serial_shops,
          nicolae_shop_back_alley_shop
D:2:      layout_basic
D:3:      layout_basic, grunt_temple_overflow_lords_of_destruction,
          serial_shops, nicolae_shop_statue_plus, portal_sewer_entry_d,
          roderic_lattice_a
D:4:      layout_basic, uniq_ijyb, uniq_natasha, uniq_duvessa,
          uniq_blork_the_orc

Skill      XL: |  1  2  3  4  5  6 |
---------------+-------------------+-----
Fighting       | 4 6 8 |  8.6
Maces & Flails | |  2.6
Spellcasting   | |  1.0
Fire Magic     | |  2.6

Action                     |  1- 3 |  4- 6 |  7- 9 || total
---------------------------+-------+-------+-------++-------
  Melee: Quarterstaff      |    90 |   138 |    18 ||   246
         Mace              |     3 |       |       ||     3
  Throw: Stone             |     1 |       |       ||     1
 Invoke: Fiery Armour      |       |     2 |       ||     2
    Use: Scroll            |     4 |     5 |     1 ||    10
   Stab: Distracted        |       |     1 |       ||     1
 Armour: Robe              |    29 |       |       ||    29
         Ring mail         |    47 |    67 |       ||   114
         Scale mail        |       |    75 |    15 ||    90
  Dodge: Dodged            |    42 |    93 |     7 ||   142

Table legend: (Time is in decaauts)
 A = Elapsed time spent in this place.
 B = Non-inter-level travel time spent in this place.
 C = Inter-level travel time spent in this place.
 D = Time resting spent in this place.
 E = Time spent auto-exploring this place.
 F = Levels seen in this place.
 G = Mean time per level.
                   A        B        C        D        E       F      G
               +--------+--------+--------+--------+--------+-----+--------+
         Total |   3139 |   3072 |     67 |    431 |   1795 |   4 |  784.8 |
       Dungeon |   3139 |   3072 |     67 |    431 |   1795 |   4 |  784.8 |
               +--------+--------+--------+--------+--------+-----+--------+

Top non-repeatable levels by time:
     D:3: 1242 daAuts
     D:2: 847 daAuts
     D:1: 619 daAuts
     D:4: 430 daAuts
